 Dungeon Crawl Stone Soup version 0.31.0-32-g396128a36d (webtiles) character file.

Game seed: 18267197476347730844

1772650 TacoSundae the Black Belt (level 24, 111/177 HPs)
             Began as a Gnoll Gladiator on Apr 16, 2024.
             Was the Champion of Okawaru.
             Escaped with the Orb
             ... and 3 runes on Apr 17, 2024!
             The game lasted 04:26:35 (55706 turns).

TacoSundae the Black Belt (Gnoll Gladiator)        Turns: 55706, Time: 04:26:36

Health: 111/177    AC: 24    Str: 14    XL:     24   Next: 95%
Magic:  27/44      EV: 33    Int: 15    God:    Okawaru [******]
Gold:   3249       SH: 23    Dex: 35    Spells: 41/57 levels left

rFire   + + .        a - +9 demon blade (flame)
rCold   + + .        P - +5 kite shield "Fariuf" {Regen+}
rNeg    . . .        b - +4 faerie dragon scales {rC+ rCorr Int+4 Dex+4 Stlth+}
rPois   +            M - +2 helmet
rElec   +            o - scarf "Zifugh" {repulsion, rElec Regen+ rCorr Str-3 Int+3}
rCorr   +            t - +0 pair of gloves
SInv    .            Z - +2 pair of boots {rampage}
Will    ++...        E - amulet "Dyrejeom" {Spirit Will+ Str+3}
Stlth   +++          y - ring of poison resistance
HPRegen 2.09/turn    D - ring "Usoesoj" {rF+ Dex+6}
MPRegen 0.29/turn

%: repel missiles, guardian spirit, rampage
@: mighty, resistant, studying Unarmed Combat, invisible
A: fangs 1, strong nose, distributed training, frail 1, sense surroundings 1,
electricity resistance
0: Orb of Zot
}: 3/15 runes: barnacled, abyssal, gossamer
a: Renounce Religion, Heroism, Finesse, Duel, Receive Weapon, Receive Armour


You escaped.
You worshipped Okawaru.
Okawaru was exalted by your worship.
You visited 9 branches of the dungeon, and saw 44 of its levels.
You visited the Abyss 1 time.
You also visited: Volcano.

You collected 5297 gold pieces.
You spent 2048 gold pieces at shops.

Inventory:

Hand Weapons
 a - a +9 demon blade of flaming (weapon)
Missiles
 d - 8 throwing nets
 e - 18 javelins
 m - 21 poisoned darts
 C - 15 curare-tipped darts
 F - 6 boomerangs (quivered)
 O - 27 silver javelins
Armour
 b - the +4 faerie dragon scales (worn) {rC+ rCorr Int+4 Dex+4 Stlth+}
   (You took it off the Enchantress on level 1 of the Depths)

   Int+4:     It affects your intelligence (+4).
   Dex+4:     It affects your dexterity (+4).
   rC+:       It protects you from cold.
   rCorr:     It protects you from acid and corrosion.
   Stlth+:    It makes you more stealthy.
 o - the scarf "Zifugh" (worn) {repulsion, rElec Regen+ rCorr Str-3 Int+3}
   (You acquired it on level 2 of the Depths)

   Str-3:     It affects your strength (-3).
   Int+3:     It affects your intelligence (+3).
   rElec:     It insulates you from electricity.
   Regen+:    It increases your rate of health regeneration.
   rCorr:     It protects you from acid and corrosion.
 t - a +0 pair of gloves (worn)
 M - a +2 helmet (worn)
 P - the +5 kite shield "Fariuf" (worn) {Regen+}
   (You bought it in a shop on level 5 of the Dungeon)

   Regen+:    It increases your rate of health regeneration.
 Z - a +2 pair of boots of rampaging (worn)
Jewellery
 y - a ring of poison resistance (left hand)
 D - the ring "Usoesoj" (right hand) {rF+ Dex+6}
   (You found it on level 6 of the Dungeon)

   [ring of protection from fire]

   Dex+6:     It affects your dexterity (+6).
   rF+:       It protects you from fire.
 E - the amulet "Dyrejeom" (around neck) {Spirit Will+ Str+3}
   (You bought it in a shop on level 7 of the Dungeon)

   [amulet of guardian spirit]

   Spirit:    It causes incoming damage to be divided between your reserves of
   health and magic.
   Str+3:     It affects your strength (+3).
   Will+:     It increases your willpower.
 R - a ring of positive energy
 T - a ring of flight
 Y - the ring "Waisank" {rCorr Dex+2}
   (You bought it in a shop on level 7 of the Dungeon)

   [ring of resist corrosion]

   Dex+2:     It affects your dexterity (+2).
   rCorr:     It protects you from acid and corrosion.
Wands
 u - a wand of paralysis (37)
 A - a wand of mindburst (28)
 G - a wand of iceblast (60)
 K - a wand of quicksilver (14)
Scrolls
 j - 6 scrolls of poison
 k - a scroll of silence
 l - 15 scrolls of teleportation
 n - a scroll of blinking
 p - 2 scrolls of enchant armour
 w - 7 scrolls of fog
 x - 4 scrolls of noise
 N - 23 scrolls of identify
 S - a scroll of revelation
 W - 6 scrolls of fear
Potions
 c - a potion of cancellation
 f - 15 potions of curing
 g - 5 potions of might
 h - 2 potions of invisibility
 q - 3 potions of enlightenment
 s - 2 potions of ambrosia
 v - 4 potions of attraction
 Q - 5 potions of heal wounds
 X - 5 potions of berserk rage
Miscellaneous
 B - a phial of floods


   Skills:
 + Level 17.7 Fighting
 + Level 17.2 Short Blades
 + Level 18.2 Long Blades
 + Level 17.2 Axes
 + Level 17.2 Maces & Flails
 + Level 17.2 Polearms
 + Level 17.2 Staves
 + Level 17.2 Ranged Weapons
 + Level 17.7 Throwing
 + Level 17.2 Armour
 + Level 18.2 Dodging
 + Level 17.2 Stealth
 + Level 17.2 Shields
 + Level 20.4 Unarmed Combat
 + Level 17.2 Spellcasting
 + Level 14.6 Conjurations
 + Level 14.6 Hexes
 + Level 14.6 Summonings
 + Level 14.6 Necromancy
 + Level 14.6 Translocations
 + Level 14.6 Fire Magic
 + Level 14.6 Ice Magic
 + Level 14.6 Air Magic
 + Level 14.6 Earth Magic
 + Level 14.6 Alchemy
 + Level 18.6 Invocations
 + Level 17.2 Evocations
 + Level 15.9 Shapeshifting


You had 41 spell levels left.
You knew the following spells:

 Your Spells              Type           Power      Damage    Failure   Level
a - Fugue of the Fallen   Necr           54%        N/A       1%          3
b - Blink                 Tloc           100%       N/A       1%          2
c - Apportation           Tloc           100%       N/A       1%          1
d - Passwall              Erth           54%        N/A       1%          3
e - Swiftness             Air            54%        N/A       1%          3
f - Manifold Assault      Tloc           54%        N/A       1%          4

Your spell library contained the following spells:

 Spells                   Type           Power      Damage    Failure   Level
 Necrotise                Necr           100%       1d9       1%          1
 Sting                    Conj/Alch      100%       1d9       1%          1
 Cigotuvi's Dreadful Rot  Necr/Alch/Air  100%       N/A       1%          2
 Ensorcelled Hibernation  Hex/Ice        100%       N/A       1%          2
 Mercury Vapours          Alch/Air       100%       N/A       1%          2
 Sublimation of Blood     Necr           54%        N/A       1%          2
 Gell's Gravitas          Tloc           54%        N/A       1%          3
 Mephitic Cloud           Conj/Alch/Air  54%        N/A       1%          3
 Ozocubu's Armour         Ice            54%        N/A       1%          3
 Teleport Other           Tloc           54%        N/A       1%          3
 Anguish                  Hex/Necr       27%        N/A       1%          4
 Brom's Barrelling Bould  Conj/Erth      54%        2d7       1%          4
 Ignite Poison            Fire/Alch      54%        N/A       1%          4
 Olgreb's Toxic Radiance  Alch           54%        N/A       1%          4
 Sticky Flame             Fire/Alch      54%        2d10      1%          4
 Alistair's Intoxication  Alch           36%        N/A       1%          5
 Borgnjor's Vile Clutch   Necr/Erth      27%        N/A       1%          5
 Fireball                 Conj/Fire      27%        3d12      1%          5
 Freezing Cloud           Conj/Ice/Air   27%        6-21      1%          5
 Iskenderun's Battlesphe  Conj           54%        2d10      1%          5
 Conjure Ball Lightning   Conj/Air       27%        3x3d8     3%          6
 Eringya's Noxious Bog    Alch           27%        4d6       3%          6
 Orb of Destruction       Conj           27%        9d9       21%         7
 Borgnjor's Revivificati  Necr           27%        N/A       83%         8
 Ignition                 Fire           27%        3d9       83%         8
 Death's Door             Necr           27%        N/A       100%        9
 Summon Small Mammal      Summ           Unusable   N/A       N/A         1
 Call Canine Familiar     Summ           Unusable   N/A       N/A         3
 Summon Blazeheart Golem  Fire/Summ      Unusable   N/A       N/A         4
 Haunt                    Necr/Summ      Unusable   N/A       N/A         7
 Summon Horrible Things   Summ           Unusable   N/A       N/A         8

Dungeon Overview and Level Annotations

Branches:
Dungeon (15/15)            Temple (1/1) D:7            Lair (5/5) D:10
 Shoals (4/4) Lair:3       Spider (4/4) Lair:3        Slime (0/5) Lair:4
    Orc (2/2) D:12            Elf (0/3) Orc:2        Vaults (4/5) D:13
  Crypt (0/3) Vaults:3     Depths (4/4) D:15            Zot (5/5) Depths:4
Volcano (visited)

Altars:
Ashenzari
Cheibriados
Dithmenos
Elyvilon
Fedhas
Gozag
Hepliaklqana
Kikubaaqudgha
Makhleb
Nemelex Xobeh
Okawaru
Qazlal
Ru
Sif Muna
Trog
Uskayaw
Vehumet
Wu Jian
Xom
Yredelemnul
Zin
The Shining One
Jiyva

Shops:
D:1 (   D:3 *   D:5 [   D:7 (=(   D:11 :   D:14 [[[*   Orc:2 :(((=   Shoals:2 ?
Vaults:1 ?   Vaults:3 !

Portals:
Hell: Depths:1 Depths:2 Depths:3 Depths:4
Abyss: Depths:3 Depths:4
Pandemonium: Depths:2 Depths:3
Ziggurat: Depths:3
Trove: Vaults:2 (give frozen axe "Frostbite")

Annotations:
Lair:3 1 runed translucent door, yey's ghost, journeyman DsEn
Lair:4 1 runed translucent door, exclusion: door
Spider:1 2 transporters, panicmichael's ghost, journeyman SpAl
Orc:2 1 runed translucent door, adelrune's ghost, journeyman OnWr
Vaults:2 2 transporters, exclusion: obsidian statue


Innate Abilities, Weirdness & Mutations

You have very sharp teeth.
Your uncanny sense of smell can sniff out nearby items.
Your experience applies equally to all skills.
You are frail. (-10% HP)
You passively map a small area around you.
You are resistant to electric shocks. (rElec)


Message History

You climb upwards.
There is a stone staircase leading down here.
What level of the Dungeon? (default 1, ? - help)
There is a stone staircase leading up here.
You climb upwards.
There is a stone staircase leading down here.
There is a stone staircase leading up here.
You climb upwards.
There is a stone staircase leading down here.
There is a stone staircase leading up here.
You climb upwards.
Your extra speed is starting to run out.
There is a stone staircase leading down here.
A rust devil comes into view.
You feel yourself slow down.
There is a stone staircase leading up here.
You climb upwards.
There is a stone staircase leading down here.
What level of the Dungeon? (default 1, ? - help)
There is a stone staircase leading up here.
You climb upwards.
There is a stone staircase leading down here.
Unknown command.
An Ice Fiend comes into view.
There is an open door here.
There is a staircase leading out of the dungeon here.
You feel extremely strange.
You recover from draining at a normal speed again.
You feel stronger.
You feel frail.
Unknown command.
You feel very mighty all of a sudden.
You fade into invisibility!
The Ice Fiend calls on the powers of darkness!
Your body is wracked with pain!
You feel protected. The Ice Fiend gestures at you. The bolt of cold misses you.
Okay, then.
Unknown command.
You have escaped!

#...##.##.......#.......#
.....#.##.......#.......#
...............###......#######
...............# #............#
..............## ##...........#
...##########'#####'###########
#.)..### ##.....## ###..#
###....### ##.....## ###....#
###......####...@...####......#
...........##.......##........##
######.....###.....###.....##..#
#...[....# ###'### #.........##
#.##....## ##1## ##....###...
#.##....# ###...### #....# #.##
#.#....####.......####...# #.#
#.#....##...........##...# #.##
#.#...#.....####......#..# #.##


You could see an Ice Fiend.

Vanquished Creatures
  3 dread liches (Zot:5)
  Frederick (Depths:3)
  9 orbs of fire
  A juggernaut (Depths:2)
  Mennas (Depths:3)
  Sojobo (Vaults:3)
  Bai Suzhen (Vaults:3)
  Margery (Vaults:4)
  A curse toe (Zot:4)
  4 golden dragons
  6 Killer Klowns
  4 caustic shrikes
  Saint Roka (Vaults:4)
  the Enchantress (Depths:1)
  A bone dragon (Depths:4)
  Jory (Vaults:2)
  A Brimstone Fiend (D:8)
  2 electric golems
  Jorgrun (D:13)
  25 Orb Guardians (Zot:5)
  10 tentacled monstrosities
  Rupert (Lair:5)
  A walking divine tome (Depths:4)
  2 quicksilver dragons
  A searing wretch (Vaults:4)
  7 death cobs
  2 sphinxes (Vaults:2)
  A tentacled starspawn (Abyss:3)
  2 shadow dragons
  2 krakens
  2 tengu reavers (Vaults:3)
  6 storm dragons
  Roxanne (Spider:2)
  A protean progenitor (Zot:1)
  3 draconian knights
  3 emperor scorpions (Spider:4)
  13 vault wardens
  A draconian monk (Depths:4)
  2 iron dragons (Depths:3)
  A draconian scorcher (Zot:2)
  7 ghost moths
  Louise (Shoals:1)
  2 fire giants
  4 draconian shifters
  7 frost giants
  A deep elf elementalist (Abyss:1)
  A reaper (Depths:3)
  A cacodemon (Depths:3)
  2 orc warlords
  A formless jellyfish (Vaults:2)
  5 spriggan defenders
  7 ironbound thunderhulks
  3 draconian annihilators
  6 stone giants
  5 green draconians
  16 very ugly things
  11 ironbound preservers
  3 vampire knights
  4 black draconians
  A deep elf death mage (Vaults:1)
  A lorocyproca (Abyss:1)
  The ghost of Consumeair16 the Destroyer, a journeyman GnCj of Fedhas (D:14)
  7 white draconians
  7 purple draconians
  11 yellow draconians
  5 spark wasps
  24 dire elephants
  5 red draconians
  A war gargoyle (Vaults:3)
  A blizzard demon (Depths:2)
  4 merfolk impalers
  Snorg (Lair:4)
  12 yaktaur captains
  5 merfolk javelineers (Shoals:4)
  A deep elf high priest (Vaults:4)
  3 ettins
  7 entropy weavers
  9 fire dragons
  5 ice dragons
  Fannar (Lair:1)
  Harold (D:11)
  A salamander tyrant (Depths:3)
  12 great orbs of eyes
  Erolcha (Orc:1)
  2 rakshasas (D:15)
  4 jorogumos
  9 hydras
  A hell beast (Depths:3)
  13 radroaches
  A catoblepas (Lair:5)
  9 vault guards
  2 peacekeepers
  2 spriggan air magi (Depths:2)
  2 alligator snapping turtles (Shoals:4)
  3 merfolk avatars (Shoals:4)
  8 centaur warriors
  10 ironbound frosthearts
  2 ogre magi (Orc:2)
  6 boulder beetles
  6 tengu warriors
  2 hell hogs
  8 demonic crawlers
  18 two-headed ogres
  6 merfolk aquamancers
  15 death yaks
  A satyr (Shoals:4)
  An occultist (Depths:1)
  3 deep troll shamans
  A deep troll earth mage (Depths:4)
  A shock serpent (shapeshifter) (Depths:1)
  3 orc high priests
  A soul eater (Depths:2)
  5 spriggan berserkers
  2 vampire magi
  3 sun demons
  14 hell knights
  2 iron trolls (Depths:4)
  A wretched star (Abyss:1)
  2 fire crabs (Lair:5)
  A sixfirhy (D:13)
  5 pharaoh ants
  5 skeletal warriors
  A death drake (shapeshifter) (D:15)
  2 salamander mystics
  6 skysharks
  Lodul (D:11)
  A spectral spark wasp (Depths:3)
  11 sea snakes
  2 flayed ghosts
  4 glowing orange brains
  6 sun moths
  9 orb spiders
  4 large abominations
  8 necromancers
  9 arcanists
  37 deep trolls
  11 orc knights
  16 ironbound convokers
  8 steelbarb worms
  5 deep elf pyromancers
  13 lindwurms
  13 harpies
  10 fauns
  18 wolf spiders
  11 cyclopes
  12 manticores
  12 moths of wrath
  9 salamanders
  A worldbinder (Abyss:1)
  3 orc sorcerers
  35 ugly things
  5 water nymphs
  7 merfolk sirens
  4 meliai (Spider:4)
  13 elephants
  4 black mambas
  2 centaur skeletons (D:15)
  2 rust devils
  13 cane toads
  A guardian serpent (Abyss:1)
  12 vault sentinels
  2 gargoyles
  4 torpor snails
  A smoke demon (Abyss:1)
  2 cane toads (shapeshifter)
  A naga mage (Abyss:1)
  An unseen horror (D:12)
  A hellion (Depths:1)
  3 kobold demonologists
  10 komodo dragons
  3 tengu conjurers (D:15)
  23 yaktaurs
  An ancient zyme (Abyss:2)
  5 freezing wraiths
  A guardian mummy (Vaults:2)
  20 merfolk
  10 trolls
  6 polar bears
  8 hornets
  23 tarantellas
  7 wind drakes
  16 blink frogs
  Grinder (D:3)
  A glass eye (Depths:3)
  5 dream sheep
  23 jumping spiders
  A centaur simulacrum (Abyss:1)
  10 snapping turtles
  8 water elementals
  15 slime creatures
  49 yaks
  18 spriggans
  18 culicivoras
  6 wyverns
  4 wraiths
  A fire bat (shapeshifter) (D:15)
  12 fire bats (Volcano)
  3 wargs
  5 neqoxecs
  3 basilisks
  42 redbacks
  6 steam dragons
  7 vampire mosquitoes
  3 nagas (Abyss:1)
  19 water moccasins
  2 hell hounds (Orc:1)
  Duvessa (D:7)
  2 ice beasts
  28 orc warriors
  6 black bears
  6 laughing skulls
  31 ogres
  17 wolves
  4 boggarts (Lair:5)
  2 centaurs
  3 weeping skulls
  A phantom (D:4)
  A kobold brigand (D:6)
  A brain worm (Abyss:2)
  An earth elemental (Abyss:2)
  11 bullfrogs
  A gnoll sergeant (D:9)
  2 scorpions (D:5)
  3 small abominations
  Dowan (D:7)
  8 wights
  7 killer bees
  2 howler monkeys
  2 electric eels (Lair:3)
  4 lava snakes
  A bombardier beetle (D:5)
  20 orc priests
  4 hounds
  2 jellies
  7 starcursed masses (Abyss:3)
  A gnoll bouda (D:5)
  Jessica (D:3)
  3 iguanas
  2 sleepcaps
  Natasha (thrice) (D:4)
  24 orc wizards
  4 hell rats
  A boggart simulacrum (D:15)
  11 adders
  3 gnolls (D:9)
  A shadow imp (D:4)
  5 white imps
  2 ufetubi (D:6)
  A ribbon worm (D:8)
  5 dart slugs
  92 orcs
  7 bats
  10 endoplasms
  3 giant cockroaches
  7 goblins
  11 hobgoblins
  4 jackals (D:2)
  7 quokkas
  7 ball pythons
  2 frilled lizards (D:1)
  10 kobolds
  5 rats
  7 tentacles
1691 creatures vanquished.

Vanquished Creatures (others)
  A salamander mystic (Depths:3)
  A harpy (Shoals:1)
  A komodo dragon (Lair:2)
  An unseen horror (D:12)
  A lurking horror (Abyss:1)
  2 starspawn tentacles (Abyss:3)
  16 tentacles
23 creatures vanquished.

Grand Total: 1714 creatures vanquished

Notes
Turn   | Place    | Note
-------+----------+-------------------------------------------
     0 | D:1      | TacoSundae the Gnoll Gladiator began the quest for the Orb.
     0 | D:1      | Reached XP level 1. HP: 20/20 MP: 1/1
   116 | D:1      | Found Qoanyoj's Weapon Emporium.
   128 | D:1      | Reached XP level 2. HP: 21/26 MP: 2/2
   389 | D:1      | Reached XP level 3. HP: 30/31 MP: 3/3
   557 | D:1      | Reached skill level 1 in Invocations
   812 | D:2      | Reached skill level 1 in Short Blades
   812 | D:2      | Reached skill level 1 in Axes
   812 | D:2      | Reached skill level 1 in Maces & Flails
   812 | D:2      | Reached skill level 1 in Polearms
   812 | D:2      | Reached skill level 1 in Staves
   812 | D:2      | Reached skill level 1 in Ranged Weapons
   812 | D:2      | Reached skill level 1 in Armour
   812 | D:2      | Reached skill level 1 in Stealth
   812 | D:2      | Reached skill level 1 in Shields
   812 | D:2      | Reached skill level 1 in Unarmed Combat
   812 | D:2      | Reached skill level 1 in Spellcasting
   812 | D:2      | Reached skill level 1 in Evocations
   926 | D:2      | Reached skill level 1 in Shapeshifting
   926 | D:2      | Reached XP level 4. HP: 33/38 MP: 5/5
  1359 | D:2      | Reached skill level 1 in Conjurations
  1359 | D:2      | Reached skill level 1 in Hexes
  1359 | D:2      | Reached skill level 1 in Summonings
  1359 | D:2      | Reached skill level 1 in Necromancy
  1359 | D:2      | Reached skill level 1 in Translocations
  1359 | D:2      | Reached skill level 1 in Fire Magic
  1359 | D:2      | Reached skill level 1 in Ice Magic
  1359 | D:2      | Reached skill level 1 in Air Magic
  1359 | D:2      | Reached skill level 1 in Earth Magic
  1359 | D:2      | Reached skill level 1 in Alchemy
  1609 | D:3      | You fall into a shaft and drop 2 floors!
  1609 | D:5      | Entered Level 5 of the Dungeon
  1648 | D:5      | Reached XP level 5. HP: 43/43 MP: 5/7
  1712 | D:5      | Noticed an ogre
  1750 | D:5      | Killed an ogre
  1751 | D:5      | Reached XP level 6. HP: 50/50 MP: 8/8
  1780 | D:5      | Identified the +1 ring mail "Agopraxi" {rN+ Int-4 Dex+5}
  1866 | D:4      | Noticed Natasha
  1874 | D:4      | Killed Natasha
  1875 | D:4      | Reached skill level 5 in Fighting
  1875 | D:4      | Reached skill level 5 in Throwing
  1875 | D:4      | Reached skill level 2 in Unarmed Combat
  1887 | D:4      | Noticed Natasha
  1896 | D:4      | Killed Natasha
  2027 | D:3      | Noticed a black bear
  2035 | D:3      | Killed a black bear
  2036 | D:3      | Reached XP level 7. HP: 48/56 MP: 10/10
  2155 | D:3      | Noticed Jessica
  2160 | D:3      | Killed Jessica
  2185 | D:3      | Found a radiant altar of Vehumet.
  2427 | D:3      | Found Teituimo's General Store.
  2451 | D:3      | Noticed Grinder
  2463 | D:3      | Paralysed by Grinder for 3 turns
  2475 | D:3      | Paralysed by Grinder for 3 turns
  2482 | D:3      | Killed Grinder
  2980 | D:4      | Noticed Natasha
  2993 | D:4      | Killed Natasha
  3067 | D:4      | Identified the +5 spear "Foiss" {freeze, rPois rCorr Str+3}
  3107 | D:4      | Reached skill level 3 in Unarmed Combat
  3107 | D:4      | Reached XP level 8. HP: 63/63 MP: 12/12
  4000 | D:5      | Found Unij's Armour Shop.
  4004 | D:5      | Bought a +0 cloak for 54 gold pieces
  4511 | D:6      | Identified the ring "Usoesoj" {rF+ Dex+6}
  4691 | D:6      | Reached XP level 9. HP: 69/69 MP: 14/14
  4764 | D:6      | Reached skill level 4 in Unarmed Combat
  5265 | D:7      | Found a staircase to the Ecumenical Temple.
  5462 | Temple   | Entered the Ecumenical Temple
  5485 | D:7      | Got Sif Muna's Vellum of Despair and Phlogiston
  5581 | D:7      | Identified the +9 short sword of True Grit {speed, MP+9}
  5691 | D:7      | Noticed Dowan
  5714 | D:7      | Killed Dowan
  5723 | D:7      | Found Aruf's Antique Weapon Emporium.
  5725 | D:7      | Noticed Duvessa
  5739 | D:7      | Killed Duvessa
  5941 | D:7      | Reached skill level 5 in Invocations
  5951 | D:7      | Found a burning altar of Makhleb.
  5954 | D:7      | Found a shadowy altar of Dithmenos.
  6017 | D:7      | Found a sparkling altar of Nemelex Xobeh.
  6117 | D:7      | Found an opulent altar of Gozag.
  6154 | D:7      | Found Lescham's Antique Weapon Boutique.
  6155 | D:7      | Found Yzxeghudd's Jewellery Shoppe.
  6490 | D:8      | Found an iron altar of Okawaru.
  6499 | D:8      | Became a worshipper of Warmaster Okawaru
  6910 | D:8      | Reached skill level 5 in Short Blades
  6910 | D:8      | Reached skill level 5 in Axes
  6910 | D:8      | Reached skill level 5 in Maces & Flails
  6910 | D:8      | Reached skill level 5 in Polearms
  6910 | D:8      | Reached skill level 5 in Staves
  6910 | D:8      | Reached skill level 5 in Ranged Weapons
  6910 | D:8      | Reached skill level 5 in Armour
  6910 | D:8      | Reached skill level 5 in Stealth
  6910 | D:8      | Reached skill level 5 in Shields
  6910 | D:8      | Reached skill level 5 in Unarmed Combat
  6910 | D:8      | Reached skill level 5 in Spellcasting
  6910 | D:8      | Reached skill level 5 in Evocations
  6910 | D:8      | Reached XP level 10. HP: 77/77 MP: 17/17
  7108 | D:8      | Reached * piety under Okawaru
  7261 | D:8      | Found a snail-covered altar of Cheibriados.
  8024 | D:10     | Entered Level 10 of the Dungeon
  8131 | D:10     | Noticed a two-headed ogre
  8152 | D:10     | Killed a two-headed ogre
  8152 | D:10     | Reached ** piety under Okawaru
  8153 | D:10     | Reached skill level 5 in Shapeshifting
  8171 | D:10     | Noticed a two-headed ogre
  8195 | D:10     | Noticed a boulder beetle
  8214 | D:10     | Killed a boulder beetle
  8357 | D:10     | Killed a two-headed ogre
  8357 | D:10     | Reached *** piety under Okawaru
  8358 | D:10     | Reached skill level 6 in Unarmed Combat
  8358 | D:10     | Reached skill level 5 in Conjurations
  8358 | D:10     | Reached skill level 5 in Hexes
  8358 | D:10     | Reached skill level 5 in Summonings
  8358 | D:10     | Reached skill level 5 in Necromancy
  8358 | D:10     | Reached skill level 5 in Translocations
  8358 | D:10     | Reached skill level 5 in Fire Magic
  8358 | D:10     | Reached skill level 5 in Ice Magic
  8358 | D:10     | Reached skill level 5 in Air Magic
  8358 | D:10     | Reached skill level 5 in Earth Magic
  8358 | D:10     | Reached skill level 5 in Alchemy
  8358 | D:10     | Reached XP level 11. HP: 74/85 MP: 15/20
  8877 | D:10     | Found a staircase to the Lair.
  8921 | D:10     | Reached **** piety under Okawaru
  9092 | D:10     | Found a hazy altar of Hepliaklqana.
  9142 | D:11     | Identified the +3 scale mail of the Valley {Rampage rC+
                  | Str-2}
  9144 | D:11     | Identified the +6 hand axe of Conflict {speed, Dex+2}
  9159 | D:11     | Noticed a skeletal warrior
  9245 | Lair:1   | Entered Level 1 of the Lair of Beasts
  9512 | Lair:1   | Reached ***** piety under Okawaru
 10251 | Lair:1   | Noticed Fannar
 10292 | Lair:1   | Killed Fannar
 10293 | Lair:1   | Reached skill level 7 in Unarmed Combat
 10746 | Lair:2   | Received a gift from Okawaru
 10796 | Lair:2   | Noticed a death yak
 10931 | Lair:2   | Reached XP level 12. HP: 90/94 MP: 19/22
 10980 | Lair:2   | Noticed a death yak
 11006 | Lair:2   | Noticed a death yak
 11048 | Lair:1   | Killed a death yak
 11199 | Lair:1   | Killed a death yak
 11345 | Lair:1   | Killed a death yak
 11513 | Lair:2   | Reached skill level 10 in Long Blades
 11513 | Lair:2   | Reached skill level 10 in Dodging
 11725 | D:5      | Bought the +5 kite shield "Fariuf" {Regen+} for 438 gold
                  | pieces
 12331 | Lair:2   | Received a gift from Okawaru
 12472 | Lair:3   | Reached ****** piety under Okawaru
 12500 | Lair:3   | Found a hole to the Spider Nest.
 12562 | Lair:3   | Noticed a death yak
 12563 | Lair:3   | Noticed a death yak
 12592 | Lair:3   | Killed a death yak
 12658 | Lair:3   | Noticed a death yak
 12685 | Lair:3   | Killed a death yak
 12686 | Lair:3   | Reached skill level 8 in Unarmed Combat
 12691 | Lair:3   | Noticed a death yak
 12705 | Lair:3   | Noticed a death yak
 12705 | Lair:3   | Noticed a death yak
 12716 | Lair:3   | Killed a death yak
 12779 | Lair:3   | Found a staircase to the Shoals.
 12835 | Lair:2   | Killed a death yak
 12836 | Lair:2   | Reached XP level 13. HP: 101/101 MP: 25/25
 13218 | Lair:3   | Found a runed translucent door.
 13219 | Lair:3   | Noticed yey's ghost (journeyman DsEn)
 13429 | Lair:3   | Found a sparkling altar of Nemelex Xobeh.
 13805 | Lair:4   | Found a runed translucent door.
 13805 | Lair:4   | Found a viscous altar of Jiyva.
 13806 | Lair:4   | Found a staircase to the Slime Pits.
 13807 | Lair:4   | Noticed an acid blob
 13929 | Lair:4   | Received a gift from Okawaru
 14072 | Lair:4   | Identified the +0 ring mail "Panoa" {rPois Will+ SInv}
 14589 | Lair:5   | Entered Level 5 of the Lair of Beasts
 14589 | Lair:5   | Noticed Snorg
 14624 | Lair:4   | Killed Snorg
 14837 | Lair:4   | Received a gift from Okawaru
 14931 | Lair:4   | Reached skill level 10 in Fighting
 14931 | Lair:4   | Reached skill level 10 in Throwing
 15393 | Lair:4   | Reached skill level 9 in Unarmed Combat
 15409 | Lair:4   | Received a gift from Okawaru
 15524 | Lair:4   | Reached skill level 10 in Invocations
 15524 | Lair:4   | Reached XP level 14. HP: 110/110 MP: 25/27
 15759 | Lair:5   | Received a gift from Okawaru
 15840 | Lair:5   | Noticed Rupert
 15899 | Lair:5   | Killed Rupert
 16178 | Lair:5   | Received a gift from Okawaru
 17190 | D:11     | Found Meulauk's Book Boutique.
 17298 | D:11     | Reached skill level 10 in Short Blades
 17298 | D:11     | Reached skill level 10 in Axes
 17298 | D:11     | Reached skill level 10 in Maces & Flails
 17298 | D:11     | Reached skill level 10 in Polearms
 17298 | D:11     | Reached skill level 10 in Staves
 17298 | D:11     | Reached skill level 10 in Ranged Weapons
 17298 | D:11     | Reached skill level 10 in Armour
 17298 | D:11     | Reached skill level 10 in Stealth
 17298 | D:11     | Reached skill level 10 in Shields
 17298 | D:11     | Reached skill level 10 in Unarmed Combat
 17298 | D:11     | Reached skill level 10 in Spellcasting
 17298 | D:11     | Reached skill level 10 in Evocations
 17341 | D:11     | Noticed Lodul
 17387 | D:11     | Killed Lodul
 17631 | D:11     | Received a gift from Okawaru
 17683 | D:11     | Noticed Harold
 17715 | D:11     | Killed Harold
 17716 | D:11     | Reached XP level 15. HP: 118/118 MP: 29/29
 18707 | D:12     | Found a staircase to the Orcish Mines.
 19094 | D:7      | Bought the amulet "Dyrejeom" {Spirit Will+ Str+3} for 537
                  | gold pieces
 19213 | Orc:1    | Entered Level 1 of the Orcish Mines
 19213 | Orc:1    | Noticed Erolcha
 19222 | Orc:1    | Killed Erolcha
 19327 | Orc:1    | Found a dark tunnel.
 19334 | Volcano  | Entered a volcano
 19678 | Volcano  | Received a gift from Okawaru
 20264 | Orc:2    | Entered Level 2 of the Orcish Mines
 20265 | Orc:2    | Found Modghoihu's Book Emporium.
 20415 | Orc:2    | Received a gift from Okawaru
 20546 | Orc:2    | Found a staircase to the Elven Halls.
 20662 | Orc:2    | Found Rock's Weapon Emporium.
 20664 | Orc:2    | Found Kinat Xint's Jewellery Shop.
 20691 | Orc:2    | Found Mosaism's Weapon Shoppe.
 20692 | Orc:2    | Found Rotwon's Antique Weapon Shoppe.
 20805 | Orc:1    | Reached skill level 10 in Shapeshifting
 20944 | Orc:2    | Found a runed translucent door.
 20944 | Orc:2    | Found a shimmering altar of Xom.
 20944 | Orc:2    | Noticed adelrune's ghost (journeyman OnWr)
 21306 | Orc:2    | Reached XP level 16. HP: 127/127 MP: 30/30
 21856 | D:13     | Identified the +4 short sword of Qazlal's Inspiration
                  | {vamp, *Noise Int+5 Dex-4}
 21872 | D:13     | Reached skill level 11 in Unarmed Combat
 22113 | D:13     | Noticed Jorgrun
 22130 | D:13     | Killed Jorgrun
 22130 | D:13     | Received a gift from Okawaru
 22268 | D:13     | Found a gate to the Vaults.
 22785 | D:14     | Found Midul's Armour Boutique.
 22807 | D:14     | Found Vuatesupn's Armour Emporium.
 23016 | D:14     | Identified the serpent talisman "Mojeypac" {Will- MP+9
                  | Dex-5 Stlth+}
 23050 | D:14     | Found Qucoataz's General Store.
 23229 | D:14     | Found Koerioqi's Armour Shop.
 23241 | D:14     | Found a runed translucent gate.
 23242 | D:14     | Found a runed translucent gate.
 23242 | D:14     | Noticed Consumeair16's ghost (journeyman GnCj)
 23243 | D:14     | Found a runed translucent gate.
 23502 | D:14     | Identified the +1 hat of Ycyeth {^Contam rF+ Str+4}
 23935 | D:15     | Entered Level 15 of the Dungeon
 24095 | D:15     | Received a gift from Okawaru
 24132 | D:15     | Found a staircase to the Depths.
 24282 | D:15     | Found a white marble altar of Elyvilon.
 24484 | D:15     | Found a bloodstained altar of Trog.
 24872 | D:15     | Learned a level 3 spell: Fugue of the Fallen
 25290 | Shoals:1 | Entered Level 1 of the Shoals
 25350 | Shoals:1 | Noticed a kraken
 25357 | Shoals:1 | Noticed Louise
 25497 | Shoals:1 | Killed a kraken
 25497 | Shoals:1 | Received a gift from Okawaru
 25514 | Shoals:1 | Killed Louise
 26485 | Shoals:2 | Received a gift from Okawaru
 26617 | Shoals:2 | Reached XP level 17. HP: 135/135 MP: 30/32
 26854 | Shoals:2 | Reached skill level 10 in Conjurations
 26854 | Shoals:2 | Reached skill level 10 in Hexes
 26854 | Shoals:2 | Reached skill level 10 in Summonings
 26854 | Shoals:2 | Reached skill level 10 in Necromancy
 26854 | Shoals:2 | Reached skill level 10 in Translocations
 26854 | Shoals:2 | Reached skill level 10 in Fire Magic
 26854 | Shoals:2 | Reached skill level 10 in Ice Magic
 26854 | Shoals:2 | Reached skill level 10 in Air Magic
 26854 | Shoals:2 | Reached skill level 10 in Earth Magic
 26854 | Shoals:2 | Reached skill level 10 in Alchemy
 27089 | Shoals:2 | Found Opecvywn's Magic Scroll Shop.
 27091 | Shoals:2 | Bought a scroll of enchant weapon for 105 gold pieces
 27091 | Shoals:2 | Bought a scroll of enchant weapon for 105 gold pieces
 27091 | Shoals:2 | Bought a scroll of blinking for 105 gold pieces
 27689 | Shoals:3 | Received a gift from Okawaru
 28229 | Shoals:4 | Entered Level 4 of the Shoals
 28284 | Shoals:4 | Reached skill level 12 in Unarmed Combat
 28324 | Shoals:4 | Noticed a kraken
 28358 | Shoals:4 | Killed a kraken
 28920 | Shoals:4 | Identified the +3 quarterstaff "Qumegga" {heavy, *Rage
                  | Dex+4}
 29154 | Shoals:4 | Got the Folio of Liminal Bones
 29158 | Shoals:4 | Learned a level 2 spell: Blink
 29366 | Shoals:4 | Received a gift from Okawaru
 29467 | Shoals:4 | Got a barnacled rune of Zot
 29607 | Shoals:4 | Received a gift from Okawaru
 30073 | Spider:1 | Entered Level 1 of the Spider Nest
 30709 | Spider:1 | Learned a level 1 spell: Apportation
 30713 | Spider:1 | Learned a level 3 spell: Passwall
 30717 | Spider:1 | Learned a level 3 spell: Swiftness
 30756 | Spider:1 | Noticed panicmichael's ghost (journeyman SpAl)
 30759 | Spider:1 | Found a transporter.
 30779 | Spider:1 | Reached XP level 18. HP: 143/143 MP: 34/34
 30888 | Spider:1 | Received a gift from Okawaru
 31284 | Spider:1 | Found a transporter.
 31998 | Spider:2 | Noticed Roxanne
 32726 | Spider:2 | Killed Roxanne
 33150 | Spider:3 | Received a gift from Okawaru
 33967 | D:7      | Bought the ring "Waisank" {rCorr Dex+2} for 343 gold pieces
 34217 | Spider:3 | Reached skill level 13 in Unarmed Combat
 34588 | Spider:4 | Entered Level 4 of the Spider Nest
 35068 | Spider:4 | Received a gift from Okawaru
 35723 | Spider:4 | Reached XP level 19. HP: 143/143 MP: 36/36
 36068 | Spider:4 | Received a gift from Okawaru
 36286 | Spider:4 | Identified the +0 hat of Hix Lodwyfergh {Will+ Str+5 Int-3}
 36290 | Spider:4 | Got a gossamer rune of Zot
 36533 | Vaults:1 | Entered Level 1 of the Vaults
 36701 | Vaults:1 | Reached skill level 14 in Unarmed Combat
 36704 | Vaults:1 | Received a gift from Okawaru
 37048 | Vaults:1 | Found Vurromn's Magic Scroll Emporium.
 37055 | Vaults:1 | Bought a scroll of blinking for 165 gold pieces
 37595 | Vaults:1 | Reached skill level 15 in Long Blades
 37595 | Vaults:1 | Reached skill level 15 in Dodging
 37595 | Vaults:1 | Received a gift from Okawaru
 38354 | Vaults:2 | Found a transporter.
 38364 | Vaults:2 | Found a transporter.
 38695 | Vaults:2 | Reached skill level 15 in Invocations
 38796 | Vaults:2 | Received a gift from Okawaru
 38907 | Vaults:2 | Reached XP level 20. HP: 148/160 MP: 32/37
 39153 | Vaults:2 | Found a portal to a secret trove of treasure.
 39508 | Vaults:2 | Reached skill level 15 in Unarmed Combat
 39550 | Vaults:2 | Noticed Jory
 39601 | Vaults:2 | Killed Jory
 39642 | Vaults:2 | Received a gift from Okawaru
 39738 | Vaults:2 | HP: 7/160 [frost giant/bolt of cold (40)]
 40644 | Vaults:3 | Noticed Sojobo
 40739 | Vaults:3 | Found Oloshrice's Distillery.
 40751 | Vaults:3 | Noticed Bai Suzhen
 40778 | Vaults:3 | Killed Bai Suzhen
 40947 | Vaults:3 | Received a gift from Okawaru
 41602 | Vaults:3 | Reached skill level 15 in Fighting
 41602 | Vaults:3 | Reached skill level 15 in Throwing
 41702 | Vaults:3 | Found a staircase to the Crypt.
 41860 | Vaults:3 | Killed Sojobo
 42070 | Vaults:3 | Received a gift from Okawaru
 42699 | Vaults:3 | Reached skill level 16 in Unarmed Combat
 42756 | Vaults:3 | Bought a potion of might for 56 gold pieces
 42756 | Vaults:3 | Bought a potion of haste for 140 gold pieces
 42820 | Vaults:3 | Got the Omnibus of Damage and Summoning
 43589 | Vaults:4 | Reached XP level 21. HP: 143/168 MP: 30/39
 43669 | Vaults:4 | Learned a level 4 spell: Manifold Assault
 44056 | Vaults:4 | Received a gift from Okawaru
 44411 | Vaults:4 | Noticed Saint Roka
 44657 | Vaults:4 | Killed Saint Roka
 44817 | Vaults:4 | Noticed Margery
 44856 | Vaults:4 | Killed Margery
 45654 | Vaults:4 | Received a gift from Okawaru
 46080 | Depths:1 | Entered Level 1 of the Depths
 46191 | Depths:1 | Reached skill level 15 in Short Blades
 46191 | Depths:1 | Reached skill level 15 in Axes
 46191 | Depths:1 | Reached skill level 15 in Maces & Flails
 46191 | Depths:1 | Reached skill level 15 in Polearms
 46191 | Depths:1 | Reached skill level 15 in Staves
 46191 | Depths:1 | Reached skill level 15 in Ranged Weapons
 46191 | Depths:1 | Reached skill level 15 in Armour
 46191 | Depths:1 | Reached skill level 15 in Stealth
 46191 | Depths:1 | Reached skill level 15 in Shields
 46191 | Depths:1 | Reached skill level 15 in Spellcasting
 46191 | Depths:1 | Reached skill level 15 in Evocations
 46646 | Depths:1 | Identified the +0 robe of Sloth {Harm}
 46937 | Depths:1 | Reached skill level 17 in Unarmed Combat
 46958 | Depths:1 | Received a gift from Okawaru
 46961 | Depths:1 | Found a gateway to Hell.
 47149 | Depths:1 | Found a hide-covered altar of Uskayaw.
 47227 | Depths:2 | Noticed the Enchantress
 47336 | Depths:2 | Found a burning altar of Makhleb.
 47466 | Depths:1 | Killed the Enchantress
 47702 | Depths:2 | Reached XP level 22. HP: 163/177 MP: 35/41
 47795 | Depths:2 | Identified the amulet "Fuillut" {Acrobat Dex+5}
 47796 | Depths:2 | Noticed a juggernaut
 47814 | Depths:2 | Killed a juggernaut
 47814 | Depths:2 | Received a gift from Okawaru
 47836 | Depths:2 | Identified the +1 leather armour of Minor Irritation {rPois
                  | Str-2 Int+3 Dex+7}
 48028 | Depths:2 | Identified a scroll of acquirement
 48032 | Depths:2 | Acquired the scarf "Zifugh" {repulsion, rElec Regen+ rCorr
                  | Str-3 Int+3}
 48201 | Depths:2 | Found a one-way gate leading to the halls of Pandemonium.
 48363 | Depths:3 | Found a one-way gate to the infinite horrors of the Abyss.
 48398 | Depths:3 | Gained mutation: You occasionally lose the ability to read
                  | scrolls when taking damage. [a cacodemon]
 48422 | Depths:3 | Gained mutation: You are dopey. (Int -2) [a cacodemon]
 48952 | Depths:3 | Received a gift from Okawaru
 49090 | Depths:3 | Found a one-way gateway to a ziggurat.
 49479 | Depths:4 | Entered Level 4 of the Depths
 49493 | Depths:4 | Noticed a caustic shrike
 49493 | Depths:4 | Noticed a caustic shrike
 49496 | Depths:4 | Noticed a caustic shrike
 49497 | Depths:4 | Noticed a caustic shrike
 49522 | Depths:3 | Killed a caustic shrike
 49539 | Depths:4 | Noticed Mennas
 49569 | Depths:3 | Killed Mennas
 49593 | Depths:4 | Identified the orb of the Raven {light, rPois rCorr Dex+3}
 49593 | Depths:4 | Noticed Frederick
 49636 | Depths:3 | Received a gift from Okawaru
 49700 | Depths:3 | Reached skill level 18 in Unarmed Combat
 49721 | Depths:3 | Killed Frederick
 49735 | Depths:3 | Killed a caustic shrike
 49763 | Depths:4 | Found a gate to the Realm of Zot.
 49835 | Depths:4 | Killed a caustic shrike
 49847 | Depths:4 | Killed a caustic shrike
 50090 | Depths:4 | Received a gift from Okawaru
 50417 | Depths:4 | Reached XP level 23. HP: 120/185 MP: 25/42
 50535 | Depths:4 | Voluntarily entered the Abyss.
 50535 | Abyss:1  | Found a corrupted altar of Lugonu.
 50650 | Abyss:1  | Gained mutation: You occasionally shout uncontrollably at
                  | your foes. [a neqoxec]
 50933 | Abyss:2  | Found a corrupted altar of Lugonu.
 51051 | Abyss:2  | Found a corrupted altar of Lugonu.
 51053 | Abyss:2  | Found a corrupted altar of Lugonu.
 51053 | Abyss:2  | Found a corrupted altar of Lugonu.
 51119 | Abyss:3  | Noticed a dread lich
 51130 | Abyss:3  | Found a shimmering altar of Xom.
 51135 | Abyss:3  | Found a corrupted altar of Lugonu.
 51143 | Abyss:3  | Found a corrupted altar of Lugonu.
 51208 | Abyss:3  | Gained mutation: Potions are less effective at restoring
                  | your health. [a neqoxec]
 51236 | Abyss:3  | Paralysed by accursed screaming for 2 turns
 51249 | Abyss:3  | Got an abyssal rune of Zot
 51345 | Abyss:3  | Found a corrupted altar of Lugonu.
 51350 | Depths:4 | Escaped the Abyss
 51532 | D:14     | Killed Consumeair16's ghost
 51547 | D:14     | Identified the +8 broad axe of the Other Side {drain, rC+
                  | rN+}
 51552 | D:14     | Lost mutation: You occasionally lose the ability to read
                  | scrolls when taking damage. [potion of mutation]
 51552 | D:14     | Lost mutation: You are dopey. (Int -2) [potion of mutation]
 51552 | D:14     | Gained mutation: You passively map a small area around you.
                  | [potion of mutation]
 51552 | D:14     | Gained mutation: Your skin changes colour to match your
                  | surroundings (Stealth+). [potion of mutation]
 51552 | D:14     | Lost mutation: Potions are less effective at restoring your
                  | health. [potion of mutation]
 51552 | D:14     | Gained mutation: You are somewhat resistant to further
                  | mutation. [potion of mutation]
 51738 | Zot:1    | Entered Level 1 of the Realm of Zot
 51769 | Zot:1    | Received a gift from Okawaru
 52573 | Zot:2    | Reached skill level 15 in Shapeshifting
 52745 | Zot:3    | Received a gift from Okawaru
 52746 | Zot:3    | Reached skill level 19 in Unarmed Combat
 52758 | Zot:3    | Identified the +6 orcbow of Broken Luck {heavy, rF+}
 52795 | Zot:3    | Noticed a Killer Klown
 52912 | Zot:3    | Killed a Killer Klown
 53300 | Zot:4    | Noticed an orb of fire
 53318 | Zot:4    | Noticed a golden dragon
 53327 | Zot:4    | Killed an orb of fire
 53327 | Zot:4    | Received a gift from Okawaru
 53336 | Zot:4    | Killed a golden dragon
 53349 | Zot:4    | Noticed a curse toe
 53369 | Zot:4    | Killed a curse toe
 53416 | Zot:5    | Entered Level 5 of the Realm of Zot
 53416 | Zot:5    | Noticed a golden dragon
 53423 | Zot:5    | Killed a golden dragon
 53471 | Zot:5    | Noticed a Killer Klown
 53519 | Zot:5    | Killed a Killer Klown
 53690 | Zot:5    | Noticed a golden dragon
 53701 | Zot:5    | Killed a golden dragon
 53701 | Zot:5    | Received a gift from Okawaru
 53724 | Zot:5    | Reached XP level 24. HP: 185/195 MP: 40/43
 54449 | Zot:5    | Noticed a dread lich
 54503 | Zot:5    | Killed a dread lich
 54536 | Zot:5    | Noticed a dread lich
 54547 | Zot:5    | Noticed an orb of fire
 54559 | Zot:5    | Killed an orb of fire
 54563 | Zot:5    | Killed a dread lich
 54574 | Zot:5    | Noticed an orb of fire
 54576 | Zot:5    | Gained mutation: You occasionally lose the ability to read
                  | scrolls when taking damage. [an orb of fire]
 54594 | Zot:5    | Noticed an orb of fire
 54595 | Zot:5    | Killed an orb of fire
 54616 | Zot:5    | Gained mutation: You sometimes lose the ability to read
                  | scrolls when taking damage. [an orb of fire]
 54618 | Zot:5    | Killed an orb of fire
 54618 | Zot:5    | Received a gift from Okawaru
 54697 | Zot:5    | Noticed an orb of fire
 54714 | Zot:5    | Noticed a Killer Klown
 54719 | Zot:5    | Gained mutation: Your health recovers twice as slowly from
                  | being drained. [an orb of fire]
 54727 | Zot:5    | Noticed an orb of fire
 54729 | Zot:5    | Killed an orb of fire
 54729 | Zot:5    | Noticed an orb of fire
 54760 | Zot:5    | Killed an orb of fire
 54766 | Zot:5    | Noticed an orb of fire
 54770 | Zot:5    | Gained mutation: Your body sometimes deteriorates upon
                  | taking damage. [an orb of fire]
 54773 | Zot:5    | Noticed an orb of fire
 54778 | Zot:5    | Noticed a dread lich
 54817 | Zot:5    | Killed an orb of fire
 54818 | Zot:5    | Reached skill level 20 in Unarmed Combat
 54831 | Zot:5    | Killed a dread lich
 54859 | Zot:5    | Killed an orb of fire
 54869 | Zot:5    | Killed an orb of fire
 54869 | Zot:5    | Received a gift from Okawaru
 54904 | Zot:5    | Noticed a Killer Klown
 54929 | Zot:5    | Killed a Killer Klown
 54948 | Zot:5    | Lost mutation: Your skin changes colour to match your
                  | surroundings (Stealth+). [potion of mutation]
 54948 | Zot:5    | Lost mutation: You occasionally shout uncontrollably at
                  | your foes. [potion of mutation]
 54948 | Zot:5    | Lost mutation: You sometimes lose the ability to read
                  | scrolls when taking damage. [potion of mutation]
 54949 | Zot:5    | Lost mutation: You are somewhat resistant to further
                  | mutation. [potion of mutation]
 54949 | Zot:5    | Lost mutation: Your body sometimes deteriorates upon taking
                  | damage. [potion of mutation]
 54949 | Zot:5    | Lost mutation: You occasionally lose the ability to read
                  | scrolls when taking damage. [potion of mutation]
 54949 | Zot:5    | Gained mutation: You are weak. (Str -2) [potion of
                  | mutation]
 54949 | Zot:5    | Gained mutation: You are resistant to electric shocks.
                  | (rElec) [potion of mutation]
 54972 | Zot:5    | Noticed a Killer Klown
 54972 | Zot:5    | Noticed a Killer Klown
 55008 | Zot:5    | Killed a Killer Klown
 55014 | Zot:5    | Killed a Killer Klown
 55072 | Zot:5    | Killed a Killer Klown
 55088 | Zot:5    | Received a gift from Okawaru
 55124 | Zot:5    | Identified the +0 ring mail "Cyorhurph" {rPois}
 55180 | Zot:5    | Got the Orb of Zot
 55375 | Depths:1 | Noticed Noesm the pandemonium lord
 55701 | D:1      | Lost mutation: Your health recovers twice as slowly from
                  | being drained. [potion of mutation]
 55701 | D:1      | Lost mutation: You are weak. (Str -2) [potion of mutation]
 55701 | D:1      | Gained mutation: You are frail. (-10% HP) [potion of
                  | mutation]
 55706 | D:$      | Escaped with the Orb!

Illustrated notes

Levels and vault maps discovered:
D:1:      onia_arrival_pentagram, layout_loops_ring, serial_shops,
          nicolae_shop_advertising_works [nicolae_subvault_shop_adworks]
D:2:      minmay_chambers_of_ones, layout_basic, amcnicky_mini_corridor_feature,
          minmay_misc_feat_square
D:3:      layout_loops_ring, mainiacjoe_overflow_surrounded_room, serial_shops,
          nicolae_shop_real_fake_doors, uniq_grinder, uniq_jessica
D:4:      layout_rooms, chequers_mini_garden, kennysheep_generic_room_12,
          uniq_natasha
D:5:      layout_loops_ring, serial_shops, shop, kennysheep_generic_room_7
D:6:      layout_layer_cave
D:7:      layout_gridville, mainiacjoe_overflow_catch_the_wave,
          lemuel_tele_altar, mainiacjoe_overflow_chevrons,
          minmay_temple_entry_overgrown, serial_shops, nicolae_square_shop,
          shop, shop, uniq_duvessa
D:8:      layout_cave_pods, slow_altar_2, mainiacjoe_overflow_cross_hatched,
          grunt_decor_resistance
D:9:      layout_rooms
D:10:     layout_basic, nicolae_hepliaklqana_hippocampus, lair_entry_dummy,
          kennysheep_generic_room_16
D:11:     layout_loops_ring, serial_shops, shop, uniq_harold, uniq_lodul
D:12:     layout_roguey, hiddenorc2_lemuel, grunt_ministairs_9
D:13:     dreamdust_cave_troll, layout_irregular_city, david_vaults_1,
          uniq_jorgrun
D:14:     layout_stronghold, gammafunk_ghost_hydra_chop, serial_shops,
          nicolae_shop_temple_entry_statues_fountains, shop, shop,
          nicolae_shop_rolling_square, nrook_uturn
D:15:     grunt_enter_depths_magical_seal, layout_gridville,
          trog_three_pillars_becter, special_room [special_room_orc],
          elyvilon_altar_4
Temple:   nicolae_temple_ecumenical_triangle
Lair:1:   layout_small_grid, lemuel_old_faithful, lemuel_fruit_tree, uniq_fannar
Lair:2:   layout_hall_layers, beast_lair_carwin_8
Lair:3:   layout_chaotic_city, shoals_dummy_entry, spider_nest_entry_rubble,
          ebering_ghost_inner_flame, basic_altar, nicolae_lair_liquid_snakes,
          serial_bayou_shore_b
Lair:4:   layout_cave_shapes, slime_entry_2
Lair:5:   minmay_lair_end_enchanted_forest, layout_concentric_octagons,
          grunt_megastairs_3, lemuel_fruit_fields, uniq_rupert, uniq_snorg
Shoals:1: layout_shoals, uniq_louise
Shoals:2: layout_shoals, nicolae_shoals_c_island
Shoals:3: layout_shoals
Shoals:4: shoals_end_hangedman, layout_shoals,
          nicolae_shoals_kraken_intersection
Spider:1: layout_chambers, nzn_ghost_randoct, drop_trap
Spider:2: layout_spider_delve, uniq_roxanne
Spider:3: layout_cave_pods, nicolae_spider_solar_radiation
Spider:4: grunt_spider_rune_island
Orc:1:    layout_caves, enter_volcano_3, uniq_erolcha
Orc:2:    st_orc_open, layout_caves, ebering_ghost_xom, serial_shops,
          nicolae_shop_crystal, nicolae_orc_crystal_seam
Vaults:1: nicolae_vaults_storage_closets_1, serial_library_hellmonk_semicircle,
          ontoclasm_vaults_spin, v_pattern_5, nicolae_vaults_diamond_1,
          dpeg_vaults_monster_box, v_alt_pattern_6, ontoclasm_vaults_chip,
          nicolae_vaults_trapezoid_4, layout_vaults_quadrants, serial_shops,
          shop
Vaults:2: vaults_mumra_minichess, vaults_dpeg_spiral,
          vaults_standard_mumra_lines, v_misc_10, nicolae_vaults_trapezoid_3,
          vaults_mumra_chevron_long, gammafunk_sealed_arena,
          nicolae_vaults_little_squares_2, nicolae_vaults_trapezoid_3,
          vaults_dpeg_hooks, ontoclasm_vaults_gateway, grunt_vaults_trifunnel,
          layout_vaults_omnibox, nicolae_trove_entry_path_of_doom, uniq_jory
Vaults:3: grunt_vaults_hallway_short, ontoclasm_vaults_hangar,
          nicolae_vaults_house_3, nicolae_vaults_network_quinsquares
          [nicolae_vaults_network_quincunx_subvault,
          nicolae_vaults_network_quincunx_subvault,
          nicolae_vaults_network_quincunx_subvault,
          nicolae_vaults_network_quincunx_subvault], grunt_vaults_hallway_long,
          nicolae_vaults_little_squares_3, v_rooms_5, nicolae_vaults_tangram_2,
          minmay_crypt_entry_simple_sparse, v_misc_4,
          nicolae_vaults_apartment_1, nicolae_vaults_little_squares_3,
          nicolae_vaults_diamond_1, layout_vaults_chaotic_city, serial_shops,
          shop, uniq_bai_suzhen, uniq_sojobo
Vaults:4: nicolae_vaults_closet_pinwheel_3, v_misc_16, vaults_room_boxed,
          serial_library_hellmonk_open_square, nicolae_vaults_hexular_roomagon,
          st_cells, nicolae_vaults_closet_pinwheel_1,
          nicolae_vaults_storage_closets_3, vaults_dpeg_diagonal,
          hangedman_vaults_nails, nicolae_vaults_storage_room_water,
          nicolae_vaults_border_crossing, layout_vaults_omnicross, uniq_margery,
          uniq_saint_roka
Depths:1: layout_small_grid, hellmouth_1, serial_bayou_pond_e,
          nicolae_uskayaw_en_pointe
Depths:2: minmay_the_grid_triangle_9x9_rhombus_thin
          [minmay_the_grid_triangle_9x9_skeleton,
          minmay_the_grid_triangle_9x9_prize_insulated,
          minmay_the_grid_triangle_9x9_shrine,
          minmay_the_grid_triangle_9x9_longest], layout_cave_pools,
          rand_demon_pan_entry_7, hell_entry, small_statue_intersection,
          uniq_enchantress
Depths:3: evilmike_inaccessible_box, layout_cave_pools, enter_ziggurat_c,
          grunt_mini_vestibule, abyss_entry, rand_demon_pan_entry_3,
          infiniplex_staircase_star
Depths:4: grunt_twist_and_shout, layout_twisted_cross, fountainhead, hell_entry,
          abyss_entry_glasseish, uniq_mennas, uniq_frederick
Zot:1:    layout_gridlike
Zot:2:    hangedman_zot_vaults_quadrants, layout_concentric_octagons,
          zot_minivault_3
Zot:3:    layout_concentric_octagons, regret_index_zotdec_stipple_waver
Zot:4:    layout_cathedral_of_symmetry, hangedman_zot_diagonal_lockstep,
          grunt_megastairs_2
Zot:5:    layout_misc_corridors, st_stairs_4

Skill      XL: |  1  2  3  4  5  6  7  8  9 10 11 12 13 14 15 16 17 18 19 20 21 22 23 24 |
---------------+-------------------------------------------------------------------------+-----
Invocations    | 1 2 3 4 5 6 7 8 10 11 12 13 14 15 16 17 18 | 18.6
Short Blades   | 1 2 3 5 6 7 8 9 10 11 12 13 14 15 16 17 | 17.2
Axes           | 1 2 3 5 6 7 8 9 10 11 12 13 14 15 16 17 | 17.2
Maces & Flails | 1 2 3 5 6 7 8 9 10 11 12 13 14 15 16 17 | 17.2
Polearms       | 1 2 3 5 6 7 8 9 10 11 12 13 14 15 16 17 | 17.2
Staves         | 1 2 3 5 6 7 8 9 10 11 12 13 14 15 16 17 | 17.2
Ranged Weapons | 1 2 3 5 6 7 8 9 10 11 12 13 14 15 16 17 | 17.2
Armour         | 1 2 3 5 6 7 8 9 10 11 12 13 14 15 16 17 | 17.2
Stealth        | 1 2 3 5 6 7 8 9 10 11 12 13 14 15 16 17 | 17.2
Shields        | 1 2 3 5 6 7 8 9 10 11 12 13 14 15 16 17 | 17.2
Unarmed Combat | 1 2 3 5 6 7 8 9 10 11 12 13 14 16 17 18 19 20 | 20.4
Spellcasting   | 1 2 3 5 6 7 8 9 10 11 12 13 14 15 16 17 | 17.2
Evocations     | 1 2 3 5 6 7 8 9 10 11 12 13 14 15 16 17 | 17.2
Shapeshifting  | 1 2 3 4 5 6 7 8 9 10 11 12 13 14 15 | 15.9
Conjurations   | 1 2 3 4 5 6 7 8 9 10 11 12 13 14 | 14.6
Hexes          | 1 2 3 4 5 6 7 8 9 10 11 12 13 14 | 14.6
Summonings     | 1 2 3 4 5 6 7 8 9 10 11 12 13 14 | 14.6
Necromancy     | 1 2 3 4 5 6 7 8 9 10 11 12 13 14 | 14.6
Translocations | 1 2 3 4 5 6 7 8 9 10 11 12 13 14 | 14.6
Fire Magic     | 1 2 3 4 5 6 7 8 9 10 11 12 13 14 | 14.6
Ice Magic      | 1 2 3 4 5 6 7 8 9 10 11 12 13 14 | 14.6
Air Magic      | 1 2 3 4 5 6 7 8 9 10 11 12 13 14 | 14.6
Earth Magic    | 1 2 3 4 5 6 7 8 9 10 11 12 13 14 | 14.6
Alchemy        | 1 2 3 4 5 6 7 8 9 10 11 12 13 14 | 14.6
Fighting       | 5 6 7 8 9 10 11 12 13 14 15 16 17 | 17.7
Throwing       | 5 6 7 8 9 10 11 12 13 14 15 16 17 | 17.7
Long Blades    | 7 8 9 10 11 12 13 14 15 16 17 18 | 18.2
Dodging        | 7 8 9 10 11 12 13 14 15 16 17 18 | 18.2

Action                     |  1- 3 |  4- 6 |  7- 9 | 10-12 | 13-15 | 16-18 | 19-21 | 22-24 || total
---------------------------+-------+-------+-------+-------+-------+-------+-------+-------++-------
  Melee: Long sword        |   100 |   102 |    86 |       |       |       |       |       ||   288
         Bite              |    10 |    12 |    56 |   100 |   331 |   340 |   475 |   407 ||  1731
         Punch             |     2 |     2 |    19 |    34 |       |       |       |       ||    57
         Spear             |       |       |   134 |     9 |    52 |     8 |       |       ||   203
         Falchion          |       |       |   218 |   605 |  1635 |   593 |    68 |       ||  3119
         Scimitar          |       |       |       |       |    85 |  1264 |  1649 |       ||  2998
         Demon blade       |       |       |       |       |       |       |   394 |  1748 ||  2142
  Throw: Dart              |       |     6 |     1 |     2 |     2 |    20 |    17 |       ||    48
         Boomerang         |       |       |    16 |    93 |   187 |   420 |    27 |    67 ||   810
         Throwing net      |       |       |     1 |       |       |       |       |       ||     1
         Javelin           |       |       |       |       |     7 |    34 |    65 |    61 ||   167
   Cast: Passwall          |       |       |       |       |       |     3 |       |       ||     3
         Blink             |       |       |       |       |       |       |     1 |       ||     1
         Apportation       |       |       |       |       |       |       |     4 |     6 ||    10
 Invoke: Heroism           |       |       |       |     2 |     6 |     4 |     7 |     6 ||    25
         Finesse           |       |       |       |       |     2 |     4 |     4 |     5 ||    15
  Evoke: Wand              |       |       |       |       |       |       |    10 |     8 ||    18
    Use: Scroll            |       |       |    18 |     5 |     3 |     7 |    15 |    11 ||    59
         Potion            |       |       |       |       |     1 |     3 |     9 |    20 ||    33
   Stab: Sleeping          |     2 |       |     7 |     5 |    16 |    27 |    25 |    10 ||    92
         Held in net/web   |       |       |     1 |     3 |     2 |       |       |       ||     6
         Distracted        |       |       |       |     3 |     7 |    14 |    12 |    12 ||    48
         Petrified         |       |       |       |       |     8 |       |       |       ||     8
 Armour: Leather armour    |    17 |       |       |       |       |       |       |       ||    17
         Ring mail         |    17 |    60 |   168 |   182 |   409 |   448 |   449 |       ||  1733
         Scale mail        |       |       |       |    37 |       |       |       |       ||    37
         Acid dragon scale |       |       |       |       |       |       |    14 |   402 ||   416
  Dodge: Dodged            |    78 |    91 |   272 |   352 |   614 |   715 |   729 |   717 ||  3568
         Repelled          |       |       |       |       |       |       |       |    36 ||    36
  Block: Kite shield       |       |       |       |   135 |  1563 |  1695 |  1614 |  1145 ||  6152
